 Dungeon Crawl Stone Soup version 0.27-a0-660-g90476cec82 (webtiles) character file.

Game seed: 17739647089958650136

221 jasper the Covered (level 6, -1/47 HPs)
             Began as a Human Wanderer on Mar 16, 2021.
             Was a Priest of Uskayaw.
             Splashed by a jelly's acid (7 damage)
             ... on level 4 of the Dungeon.
             The game lasted 00:05:50 (4913 turns).

jasper the Covered (Human Wanderer)                 Turns: 4913, Time: 00:05:51

Health: -1/47      AC: -3    Str: 13    XL:     6   Next: 19%
Magic:  6/6        EV:  9    Int: 13    God:    Uskayaw [***...]
Gold:   105        SH:  0    Dex: 13    Spells: 3/5 levels left

rFire    . . .     SeeInvis .   a - +0 hand axe
rCold    . . .     Faith    +   (no shield)
rNeg     . . .     Spirit   .   g - +0 scale mail
rPois    +         Reflect  .   (no helmet)
rElec    .         Harm     .   p - +0 cloak
rCorr    .         Rampage  .   (no gloves)
Will     .....                  (no boots)
Stlth    ..........             w - amulet of faith
HPRegen  0.15/turn              t - ring of poison resistance
MPRegen  0.10/turn              (no ring)

@: corroded
A: no striking features
a: Renounce Religion, Stomp, Line Pass


You were on level 4 of the Dungeon.
You worshipped Uskayaw.
Uskayaw was noncommittal.
You visited 1 branch of the dungeon, and saw 4 of its levels.

You collected 105 gold pieces.

Inventory:

Hand Weapons
 a - a +0 hand axe (weapon)
Missiles
 k - 3 boomerangs (quivered)
 o - 107 stones
Armour
 d - a +0 robe
 g - a +0 scale mail (worn)
 p - a +0 cloak (worn)
Jewellery
 n - an amulet of regeneration
 t - a ring of poison resistance (right hand)
 w - an amulet of faith (around neck)
Scrolls
 f - 2 scrolls of noise
 i - a scroll of blinking {unknown}
 r - a scroll of random uselessness
 s - 2 scrolls of enchant armour {unknown}
 u - a scroll of enchant weapon {unknown}
 v - 2 scrolls of identify
Potions
 c - 3 potions of curing
 e - 2 potions of might
 h - 2 potions of heal wounds
 j - a potion of lignification
 l - 2 potions of magic
 m - 3 potions of brilliance {unknown}
 q - a potion of degeneration {unknown}
Miscellaneous
 b - a box of beasts


   Skills:
 + Level 3.3 Fighting
 * Level 3.9 Axes
 - Level 1.0 Crossbows
 + Level 4.8 Armour
 - Level 1.0 Stealth
 - Level 1.0 Invocations
 - Level 1.0 Evocations


You had 3 spell levels left.
You knew the following spells:

 Your Spells              Type           Power      Damage    Failure   Level
a - Blink                 Tloc           N/A        N/A       89%         2

Your spell library contained the following spells:

 Spells                   Type           Power      Damage    Failure   Level
 Magic Dart               Conj           0%         1d3       78%         1
 Call Imp                 Summ           0%         N/A       89%         2
 Slow                     Hex            0%         N/A       89%         2
 Conjure Flame            Conj/Fire      0%         6-21      98%         3
 Mephitic Cloud           Conj/Pois/Air  0%         N/A       98%         3


Dungeon Overview and Level Annotations

Branches:
Dungeon (4/15)
 Temple: D:4-7

Altars:
Hepliaklqana
Nemelex Xobeh
Trog
Uskayaw
Xom
Zin

Annotations:
D:4 Pikel


Message History

The jelly is moderately wounded.
The jelly closely misses you.
You take 4 damage, and have 39/47 hp.
You hit the jelly.
Your hands burn!
The jelly is heavily wounded.
The jelly hits you but does no damage.
You can now pass through a line of other dancers.
You take 2 damage, and have 37/47 hp.
You hit the jelly.
Your hands burn!
The jelly is severely wounded.
The jelly hits you but does no damage.
You take 2 damage, and have 35/47 hp.
You hit the jelly. The acid corrodes you!
Your hands burn!
The jelly is almost dead.
The jelly barely misses you.
Uskayaw will force your foes to helplessly watch your dance.
Uskayaw prepares the audience for your solo!
You take 4 damage, and have 31/47 hp.
You are too injured to fight recklessly!
You are too injured to fight recklessly!
You are too injured to fight recklessly!
You are too injured to fight recklessly!
Throw: 3 boomerangs
Press: ? - help, Q - select action, (/) - cycle Shift-Dir - straight line, f - jelly
Aim: a jelly (almost dead, paralysed, 98% to hit)
You throw a boomerang.
The boomerang hits the jelly but does no damage.
The jelly is almost dead.
The jelly is no longer paralysed.
The jelly hits you. The acid corrodes you!
You are splashed with acid!
The jelly hits you. The acid corrodes you!
You are splashed with acid.
* * * LOW HITPOINT WARNING * * *
You take 19 damage, and have 12/47 hp.
MASSIVE DAMAGE!!
You hit the jelly.
Your hands burn!
* * * LOW HITPOINT WARNING * * *
The jelly is almost dead.
The jelly hits you.
* * * LOW HITPOINT WARNING * * *
You are splashed with acid!
You die...

#.......... #..........
####### #..........
#.....# #..........
#.....# #..........
#.....# #..........
#.....######..........
#.............@J......
#.....................
###.....................
#...####.......<........
##.....#................
#....[+......[.........
#.....#................
######'#................
........###+##.


You could see a jelly.

Vanquished Creatures
  A centaur (D:4)
  A worker ant (D:3)
  A hound skeleton (D:4)
  5 adders
  An ooze (D:2)
  2 worms (D:2)
  2 dart slugs (D:2)
  3 leopard geckos (D:1)
  An orc (D:3)
  5 bats
  5 giant cockroaches
  4 goblins
  2 hobgoblins
  2 quokkas
  3 frilled lizards
  8 kobolds
  7 rats
53 creatures vanquished.

Vanquished Creatures (collateral kills)
  A dart slug (D:1)
1 creature vanquished.

Vanquished Creatures (others)
  A wizard (D:3)
1 creature vanquished.

Grand Total: 55 creatures vanquished

Notes
Turn   | Place    | Note
-------+----------+-------------------------------------------
     0 | D:1      | jasper the Human Wanderer began the quest for the Orb.
     0 | D:1      | jasper set off with the following items: a +0 hand axe, a
                  | box of beasts, a potion of curing, a +0 robe
     0 | D:1      | Reached XP level 1. HP: 16/16 MP: 1/1
   339 | D:1      | Reached XP level 2. HP: 19/22 MP: 2/2
   722 | D:3      | Noticed a +0 hand axe
   728 | D:3      | Noticed a +0 dagger
   730 | D:3      | Found a hide-covered altar of Uskayaw.
   748 | D:3      | Became a worshipper of Uskayaw the Reveller
   955 | D:1      | Reached * piety under Uskayaw
   956 | D:1      | Reached XP level 3. HP: 28/28 MP: 3/3
  1628 | D:2      | Learned a level 2 spell: Blink
  1647 | D:2      | Reached ** piety under Uskayaw
  2319 | D:2      | Reached XP level 4. HP: 16/34 MP: 0/4
  2644 | D:2      | Reached skill level 1 in Invocations
  3338 | D:3      | Found a sparkling altar of Nemelex Xobeh.
  3338 | D:3      | Found a hazy altar of Hepliaklqana.
  3622 | D:3      | Found a bloodstained altar of Trog.
  3623 | D:3      | Noticed a wizard
  3628 | D:3      | Killed a wizard
  4141 | D:4      | Noticed a lemure
  4142 | D:4      | Noticed a lemure
  4143 | D:4      | Noticed a lemure
  4143 | D:4      | Noticed Pikel
  4166 | D:3      | Reached XP level 5. HP: 38/40 MP: 5/5
  4200 | D:4      | Found a glowing silver altar of Zin.
  4200 | D:4      | Noticed a centaur
  4462 | D:4      | Reached *** piety under Uskayaw
  4464 | D:4      | Killed a centaur
  4465 | D:4      | Reached XP level 6. HP: 14/47 MP: 6/6
  4465 | D:4      | Reached **** piety under Uskayaw
  4803 | D:4      | Found a shimmering altar of Xom.
  4806 | D:4      | Noticed an angel
  4913 | D:4      | Splashed by a jelly's acid

Illustrated notes

Levels and vault maps discovered:
D:1:      psy_arrival_dodecagon, layout_loops_ring
D:2:      layout_basic
D:3:      layout_loops_ring, dancing_weapons_uskayaw,
          gammafunk_temple_overflow_elements, trog_wizard
D:4:      layout_gridville, grunt_temple_overflow_order_and_chaos_1,
          serial_park_tiny_1, uniq_pikel

Skill      XL: |  1  2  3  4  5 |
---------------+----------------+-----
Axes           | 2 3 |  3.9
Invocations    | 1 |  1.0
Fighting       | 3 |  3.3
Crossbows      | |  1.0
Armour         | |  4.8
Stealth        | |  1.0
Evocations     | |  1.0

Action                   |  1- 3 |  4- 6 || total
-------------------------+-------+-------++-------
Melee: Hand axe          |   110 |   154 ||   264
Throw: Stone             |    21 |     6 ||    27
       Boomerang         |       |    10 ||    10
Invok: Stomp             |     1 |     4 ||     5
Evoke: Box of beasts     |     1 |       ||     1
  Use: Scroll            |     5 |     5 ||    10
       Potion            |     1 |       ||     1
 Stab: Paralysed         |       |     3 ||     3
Armor: Scale mail        |    47 |   104 ||   151
Dodge: Dodged            |    57 |    93 ||   150

Table legend: (Time is in decaauts)
 A = Elapsed time spent in this place.
 B = Non-inter-level travel time spent in this place.
 C = Inter-level travel time spent in this place.
 D = Time resting spent in this place.
 E = Time spent auto-exploring this place.
 F = Levels seen in this place.
 G = Mean time per level.
                   A        B        C        D        E       F      G
               +--------+--------+--------+--------+--------+-----+--------+
         Total |   4988 |   4809 |    179 |   1527 |   2504 |   4 | 1247.0 |
       Dungeon |   4988 |   4809 |    179 |   1527 |   2504 |   4 | 1247.0 |
               +--------+--------+--------+--------+--------+-----+--------+

Top non-repeatable levels by time:
     D:3: 1716 daAuts
     D:1: 1661 daAuts
     D:2: 1345 daAuts
     D:4: 264 daAuts
